 Dungeon Crawl Stone Soup version 0.23-a0-183-gf37f6fb109 (webtiles) character file.

125 PikkenKukken the Skirmisher (level 4, -14/35 HPs)
             Began as a Demonspawn Fighter on Sept 21, 2018.
             Demolished by an ogre
             ... wielding a cursed -2 giant spiked club
              (26 damage)
             ... on level 4 of the Dungeon.
             The game lasted 00:03:01 (1998 turns).

PikkenKukken the Skirmisher (Demonspawn Fighter)    Turns: 1998, Time: 00:03:02

Health: -14/35     AC:  6    Str: 22    XL:     4   Next: 82%
Magic:  0/4        EV:  8    Int:  9    God:
Gold:   219        SH:  9    Dex: 13    Spells: 3/3 levels left

rFire    . . .     SeeInvis .   a - +1 trident
rCold    . . .     Gourm    .   c - +0 shield
rNeg     . . .     Faith    .   b - +0 scale mail
rPois    .         Spirit   +   (no helmet)
rElec    .         Reflect  .   (no cloak)
rCorr    .         Harm     .   (no gloves)
MR       .....                  (no boots)
Stlth    ..........             (no amulet)
HPRegen  0.11/turn              (no ring)
MPRegen  0.09/turn              (no ring)

@: mighty
A: magic shield
a: no special abilities


You were on level 4 of the Dungeon.
You were not hungry.

You visited 1 branch of the dungeon, and saw 4 of its levels.

You collected 219 gold pieces.

Inventory:

Hand Weapons
 a - a +1 trident (weapon)
Armour
 b - a +0 scale mail (worn)
 c - a +0 shield (worn)
Scrolls
 g - a scroll of remove curse
Potions
 d - a potion of might
 e - a potion of magic
 i - a potion of agility
 j - a potion of lignification {unknown}
Comestibles
 f - 7 rations
 h - 9 chunks of flesh


   Skills:
 + Level 3.5 Fighting
 * Level 3.1 Polearms
 + Level 3.1 Armour
 + Level 1.2 Dodging
 + Level 3.2 Shields


You had 3 spell levels left.
You didn't know any spells.
Your spell library was empty.

Dungeon Overview and Level Annotations

Branches:
Dungeon (4/15)
 Temple: D:4-7

Altars:
Gozag
Zin


Innate Abilities, Weirdness & Mutations

When hurt, damage is shared between your health and your magic reserves.


Message History

You are too injured to fight recklessly!
You are too injured to fight recklessly!
You are too injured to fight recklessly!
You are too injured to fight recklessly!
You hit the orc priest but do no damage.
You block the orc's attack.
A scorpion comes into view.
The orc priest barely misses you. The ogre barely misses you.
The orc hits you but does no damage.
You puncture the orc priest!
The orc priest is severely wounded.
The orc priest hits you with a hand axe.
The orc barely misses you. The ogre barely misses you.
You puncture the orc priest!
You kill the orc priest!
Your Polearms skill increases to level 3!
You closely miss the orc. You block the orc's attack.
The ogre hits you with a giant spiked club!!
Ouch! That really hurt!
You die...

### ###.### ###..#..###
###..#...#..######
###..#...#...#.....###
#..#...#...#...#.....##
.#...#...#...#...#....#
...#...#...#...#o..#..#
.#...#...#...#oo@#....#
...#...#...#...#Oo[#...#
.#...#...#...#..s#...#.#
...#...#...#...#..s#...#
.#..(#.. # ..#...#.....#
...#.. . #...#....
.#...# .# ..#......
...#. #. #.. .. .#..


You could see an ogre, a scorpion, an orc priest, 3 orcs and a giant cockroach.

Vanquished Creatures
  An orc priest (D:4)
  3 adders
  An ooze (D:2)
  3 worms
  A dart slug (D:3)
  2 leopard geckos
  3 orcs (D:3)
  A ball python (D:1)
  6 bats
  2 hobgoblins
  A quokka (D:3)
  2 frilled lizards
  10 goblins
  9 kobolds
  6 rats
51 creatures vanquished.

Notes
Turn   | Place    | Note
-------+----------+-------------------------------------------
     0 | D:1      | PikkenKukken the Demonspawn Fighter began the quest for the
                  | Orb.
     0 | D:1      | Reached XP level 1. HP: 18/18 MP: 1/1
   166 | D:1      | Gained mutation: When hurt, damage is shared between your
                  | health and your magic reserves. [demonic ancestry]
   166 | D:1      | Reached XP level 2. HP: 24/24 MP: 2/2
  1095 | D:2      | Reached XP level 3. HP: 22/29 MP: 3/3
  1109 | D:2      | Found a glowing silver altar of Zin.
  1149 | D:2      | Found an opulent altar of Gozag.
  1698 | D:3      | Reached XP level 4. HP: 35/35 MP: 4/4
  1796 | D:3      | Reached skill level 1 in Dodging
  1985 | D:4      | Noticed an ogre
  1998 | D:4      | Demolished by an ogre

Vault maps used:
D:1:      eino_arrival_cavern_c, grunt_decor_clamped, minmay_pentomino_p2
D:2:      marbit_many_paths, lemuel_doored_altar
D:4:      lemuel_temple_firewalk_b, hex_large

Skill      XL: |  1  2  3  4 |
---------------+-------------+-----
Polearms       | 2 3 |  3.1
Shields        | 3 |  3.2
Armour         | 3 |  3.1
Dodging        | 1 |  1.2
Fighting       | |  3.5

Action                   |  1- 3 |  4- 6 || total
-------------------------+-------+-------++-------
Melee: Trident           |   122 |    54 ||   176
  Use: Scroll            |     4 |     2 ||     6
       Potion            |     2 |     1 ||     3
  Eat: Chunk             |     3 |     1 ||     4
Armor: Scale mail        |    25 |    13 ||    38
Dodge: Dodged            |    35 |    17 ||    52
Block: Shield            |    43 |    21 ||    64

Table legend:
 A = Non-vault XP
 B = Vault XP
 C = Vault XP percentage of total XP
 D = Non-vault monster count
 E = Vault monster count
 F = Vault count percentage of total count
                 A         B        C        D         E       F
            +---------+---------+-------+---------+---------+-------
      Total |     176 |       3 |   1.7 |      49 |       2 |   3.9
            +---------+---------+-------+---------+---------+-------
        D:1 |      23 |       1 |   4.2 |      14 |       1 |   6.7
        D:2 |      36 |       2 |   5.3 |      12 |       1 |   7.7
        D:3 |      74 |       0 |   0.0 |      22 |       0 |   0.0
        D:4 |      43 |       0 |   0.0 |       1 |       0 |   0.0
            +---------+---------+-------+---------+---------+-------
